 Dungeon Crawl Stone Soup version 0.28-a0-793-g31680bbd8b (webtiles) character file.

Game seed: 7643156891520393729

4349 jasper the Cleaver (level 10, 0/62 (70) HPs)
             Began as a Demonspawn Cinder Acolyte on Nov 4, 2021.
             Was a Priest of Ignis.
             Slain by a wight (5 damage)
             ... on level 9 of the Dungeon.
             The game lasted 00:10:19 (7776 turns).

jasper the Cleaver (Demonspawn Cinder Acolyte)      Turns: 7776, Time: 00:10:19

HP:   0/62 (70)     AC: 14    Str: 18    XL:     10   Next: 12%
MP:   20/20         EV:  6    Int: 16    God:    Ignis [***...]
Gold: 434           SH:  9    Dex:  8    Spells: 11/11 levels left

rFire   + . .      SeeInvis .   a - -1 hand axe (flame)
rCold   . . .      Faith    .   (no shield)
rNeg    . . .      Spirit   .   l - +0 chain mail
rPois   .          Reflect  +   (no helmet)
rElec   .          Harm     .   (no cloak)
rCorr   .          Rampage  .   (no gloves)
Will    .....                   (no boots)
Stlth   ..........              m - amulet of reflection
HPRegen 0.20/turn               c - ring of magical power
MPRegen 0.17/turn               (no ring)

@: lethally poisoned (0 -> -10), slowed, heavily drained, very slow
A: hooves 1, icemail 1, powered by death 2, sharp scales 2, condensation shield
a: Renounce Religion, Sea of Fire, Foxfire Swarm, Rising Flame


You were on level 9 of the Dungeon.
You worshipped Ignis.
Ignis was most pleased with you.
You visited 1 branch of the dungeon, and saw 9 of its levels.

You collected 434 gold pieces.

Inventory:

Hand Weapons
 a - a -1 hand axe of flaming (weapon)
 h - a +0 battleaxe
 u - a +1 hand axe of freezing
 A - a +0 war axe
Missiles
 d - 2 boomerangs (quivered)
 g - 274 stones
 x - 3 silver boomerangs
Armour
 b - a +0 robe
 e - a +0 leather armour
 f - a +0 ring mail
 l - a +0 chain mail (worn)
 D - +0 acid dragon scales
Jewellery
 c - a ring of magical power (left hand)
 m - an amulet of reflection (around neck)
 o - an amulet of guardian spirit
Wands
 n - a wand of polymorph (5)
 w - a wand of digging (3)
 B - a wand of acid (9)
Scrolls
 k - 3 scrolls of enchant weapon
 y - a scroll of teleportation
 C - a scroll of identify
Potions
 i - 2 potions of degeneration {unknown}
 j - a potion of magic
 p - 2 potions of attraction
 q - a potion of cancellation
 s - a potion of might {unknown}
 t - a potion of haste {unknown}
 v - a potion of curing {unknown}
 z - 2 potions of brilliance {unknown}


   Skills:
 - Level 3.0 Fighting
 + Level 13.6 Axes
 - Level 1.0 Spellcasting
 - Level 2.6 Fire Magic


You had 11 spell levels left.
You didn't know any spells.
Your spell library contained the following spells:

 Spells                   Type           Power      Damage    Failure   Level
 Scorch                   Fire           18%        2d5       88%         2
 Pain                     Necr           0%         1d4       98%         1
 Corpse Rot               Necr/Air       0%         N/A       99%         2
 Poisonous Vapours        Pois/Air       0%         N/A       99%         2
 Agony                    Necr           0%         N/A       100%        5
 Excruciating Wounds      Necr           0%         N/A       100%        5


Dungeon Overview and Level Annotations

Branches:
Dungeon (9/15)             Temple (0/1) D:5
   Lair: D:8-11         Orc: D:9-12

Altars:
Cheibriados
Dithmenos
Gozag
Hepliaklqana
Makhleb
Sif Muna
Wu Jian

Shops:
D:2 (?   D:6 *


Innate Abilities, Weirdness & Mutations

You have large cloven feet.
A meltable icy envelope protects you from harm. (AC +4)
You regenerate health from kills.
You are mostly covered in razor-sharp scales. (AC +2, Slay +2)
A meltable shield of frost defends you. (SH +4)


Message History

The acid dragon scales are intact enough to wear.
You start resting.
HP restored.
Health restored: 70
Items here: [ †††.
D - +0 acid dragon scales
Things that are here:
a +0 leather armour; a tengu corpse
Found a piece from Xom's chessboard (15/15) and a club.
A kobold brigand comes into view.
It is wielding a +0 whip and quivering curare-tipped darts.
Found a piece from Xom's chessboard (15/15).
The kobold brigand shouts!
A wight comes into view.
It is wielding the +13 scythe of Curses {drain, Drain}.
Found a halberd and an iridescent mace.
The kobold brigand throws a curare-tipped dart.
You reflect the curare-tipped dart off an invisible shield around you!
The curare-tipped dart hits the kobold brigand.
The kobold brigand is poisoned.
The kobold brigand convulses.
The kobold brigand seems to slow down.
A cyclops comes into view.
The kobold brigand throws a curare-tipped dart.
You reflect the curare-tipped dart off an invisible shield around you!
The curare-tipped dart barely misses the kobold brigand.
You block the wight's attack.
The cyclops throws a large rock.
The large rock hits you!
The wight hits you with the +13 scythe of Curses {drain, Drain}!
You feel drained.
Your body is wracked with pain!
The kobold brigand throws a curare-tipped dart.
The curare-tipped dart hits you.
You are poisoned.
You have difficulty breathing.
You feel yourself slow down.
You take 49 damage, and have 21/68 hp.
MASSIVE DAMAGE!!
You feel much better.
You feel very sick.
The wight hits you with the +13 scythe of Curses {drain, Drain}!!
* * * LOW HITPOINT WARNING * * *
You feel drained.
* * * LOW HITPOINT WARNING * * *
You feel drained.
You die...

###.#####[###.#
#.#
###..#..##.##
.# #.#
#.#..#..#.## #
#.#
#........#.#
...
.#.#.#.###.#
#...## #.#
###.### ##
#...).# ##@z).#
.......}#...#
##.###.}..##.#
#)KC.. ...
###.### #.# ..
#. ##


You could see a cyclops, a kobold brigand (very poisoned, slow) and a wight.

Vanquished Creatures
  2 hydras (D:9)
  A tengu warrior (D:9)
  Grinder (D:6)
  Prince Ribbit (D:6)
  A wyvern (D:8)
  A steam dragon (D:8)
  An acid dragon (D:9)
  An orc warrior (D:7)
  2 ogres (D:5)
  A centaur (D:8)
  A bullfrog (D:6)
  A gnoll sergeant (D:8)
  2 scorpions (D:6)
  A wyvern skeleton (D:6)
  4 killer bees
  5 howler monkeys (D:7)
  2 bullfrog zombies (D:5)
  A centaur skeleton (D:5)
  3 hounds
  A gnoll shaman (D:8)
  3 orc priests
  A jelly (D:5)
  A bullfrog skeleton (D:5)
  2 iguanas (D:6)
  6 orc wizards
  A hound skeleton (D:4)
  9 gnolls (D:8)
  A howler monkey skeleton (D:7)
  3 adders
  A white imp (D:6)
  2 adder skeletons
  2 worms
  3 dart slugs
  27 orcs
  5 endoplasms
  2 giant cockroaches (D:1)
  4 hobgoblins
  3 kobolds
  2 quokkas
  5 ball pythons
  4 bats (D:2)
  2 frilled lizards (D:1)
  4 goblins
  4 rats
130 creatures vanquished.

Vanquished Creatures (others)
  61 foxfires
61 creatures vanquished.

Grand Total: 191 creatures vanquished

Notes
Turn   | Place    | Note
-------+----------+-------------------------------------------
     0 | D:1      | jasper the Demonspawn Cinder Acolyte began the quest for
                  | the Orb.
     0 | D:1      | Reached XP level 1. HP: 18/18 MP: 2/2
   121 | D:1      | Reached skill level 3 in Axes
   186 | D:1      | Gained mutation: You are partially covered in razor-sharp
                  | scales. (AC +1, Slay +1) [demonic ancestry]
   186 | D:1      | Reached XP level 2. HP: 24/24 MP: 3/3
   694 | D:2      | Reached XP level 3. HP: 27/29 MP: 4/4
  1095 | D:2      | Found Tyfogust's Magic Scroll Shop.
  1112 | D:2      | Found Ucotor's Weapon Shop.
  1161 | D:2      | Reached skill level 4 in Axes
  2213 | D:3      | Found a faded altar of an unknown god.
  2350 | D:3      | Found an ornate altar of the Wu Jian Council.
  2568 | D:3      | Reached XP level 4. HP: 15/35 MP: 5/5
  2802 | D:4      | Reached skill level 5 in Axes
  3204 | D:4      | Gained mutation: You regenerate a little health from kills.
                  | [demonic ancestry]
  3204 | D:4      | Reached XP level 5. HP: 41/41 MP: 6/6
  3694 | D:5      | Entered Level 5 of the Dungeon
  3921 | D:5      | Noticed an ogre
  3991 | D:5      | Found a shadowy altar of Dithmenos.
  4013 | D:5      | Killed an ogre
  4014 | D:5      | Reached skill level 6 in Axes
  4014 | D:5      | Gained mutation: You regenerate health from kills. [demonic
                  | ancestry]
  4014 | D:5      | Reached XP level 6. HP: 47/47 MP: 7/7
  4137 | D:5      | Reached skill level 7 in Axes
  4221 | D:5      | Gained mutation: A meltable shield of frost defends you.
                  | (SH +4) [demonic ancestry]
  4221 | D:5      | Reached XP level 7. HP: 23/52 MP: 8/8
  4741 | D:5      | Found a staircase to the Ecumenical Temple.
  4789 | D:6      | Noticed Prince Ribbit
  4794 | D:6      | Killed Prince Ribbit
  4795 | D:6      | Reached skill level 8 in Axes
  4906 | D:6      | Noticed Grinder
  4908 | D:6      | Paralysed by Grinder for 4 turns
  4927 | D:6      | Killed Grinder
  4928 | D:6      | Reached skill level 9 in Axes
  4928 | D:6      | Gained mutation: A meltable icy envelope protects you from
                  | harm. (AC +4) [demonic ancestry]
  4928 | D:6      | Reached XP level 8. HP: 57/58 MP: 9/9
  4963 | D:6      | Found Yggurgh's Neck Hole.
  5230 | D:6      | Reached skill level 10 in Axes
  5281 | D:6      | Found a shimmering blue altar of Sif Muna.
  5281 | D:6      | Found a snail-covered altar of Cheibriados.
  5283 | D:6      | Found a burning altar of Makhleb.
  5283 | D:6      | Found a hazy altar of Hepliaklqana.
  5592 | D:7      | Found an opulent altar of Gozag.
  5957 | D:8      | Reached skill level 11 in Axes
  5957 | D:8      | Gained mutation: You are mostly covered in razor-sharp
                  | scales. (AC +2, Slay +2) [demonic ancestry]
  5957 | D:8      | Reached XP level 9. HP: 53/63 MP: 10/10
  7627 | D:9      | Noticed a tengu warrior
  7648 | D:9      | Killed a tengu warrior
  7649 | D:9      | Reached skill level 12 in Axes
  7678 | D:9      | Noticed a four-headed hydra
  7678 | D:9      | Noticed a four-headed hydra
  7698 | D:9      | Killed a one-headed hydra
  7699 | D:9      | Reached skill level 13 in Axes
  7701 | D:9      | Killed a one-headed hydra
  7702 | D:9      | Gained mutation: You have large cloven feet. [demonic
                  | ancestry]
  7702 | D:9      | Reached XP level 10. HP: 42/70 MP: 11/11
  7774 | D:9      | Noticed a cyclops
  7776 | D:9      | Slain by a wight

Illustrated notes

Levels and vault maps discovered:
D:1:      minmay_arrival_four_houses, layout_rooms
D:2:      layout_loops_cross, serial_shops, shop_statue, nicolae_square_shop
D:3:      layout_basic, mainiacjoe_overflow_brackets,
          ebering_ecumenical_altar_webs, minmay_misc_feat_plants
D:4:      layout_basic, minmay_fountain_box
D:5:      layout_rooms, mainiacjoe_overflow_small_starburst,
          minmay_temple_entry_nine_rooms
D:6:      layout_cave_pools, mainiacjoe_overflow_alcove_3,
          nicolae_shop_sticking_my_neck_out, uniq_grinder, uniq_prince_ribbit1
D:7:      layout_rooms, nicolae_gozag_seed_capital
D:8:      layout_layer_cave
D:9:      minmay_the_grid_square_5x5_3x3 [minmay_the_grid_square_5x5_longway,
          minmay_the_grid_square_5x5_three_small,
          minmay_the_grid_square_5x5_slash, minmay_the_grid_square_5x5_plus,
          minmay_the_grid_square_5x5_megaprize_crossed,
          minmay_the_grid_square_5x5_z, minmay_the_grid_square_5x5_tetrominoes,
          minmay_the_grid_square_5x5_tri_point,
          minmay_the_grid_square_5x5_minimal], layout_loops_ring,
          lemuel_doored_altar, david_orc_2, minmay_shop_grid_forest,
          amcnicky_mini_pool_small, uniq_erolcha

Skill      XL: |  1  2  3  4  5  6  7  8  9 |
---------------+----------------------------+-----
Axes           | 3 4 5 6 7 9 11 13 | 13.6
Fighting       | |  3.0
Spellcasting   | |  1.0
Fire Magic     | |  2.6

Action                   |  1- 3 |  4- 6 |  7- 9 | 10-12 || total
-------------------------+-------+-------+-------+-------++-------
Melee: Hand axe          |    64 |    95 |   222 |     5 ||   386
       Kick              |       |       |       |     2 ||     2
Throw: Boomerang         |    65 |    55 |    50 |       ||   170
Invok: Foxfire Swarm     |     1 |     2 |     3 |       ||     6
Evoke: Wand              |       |     2 |     9 |       ||    11
  Use: Scroll            |     5 |     2 |     3 |       ||    10
       Potion            |       |       |     1 |     1 ||     2
Armor: Ring mail         |    26 |       |       |       ||    26
       Chain mail        |     3 |    60 |    85 |     1 ||   149
       Skin              |       |       |    17 |       ||    17
Dodge: Dodged            |    45 |    22 |    32 |       ||    99
Block: Other             |     1 |    22 |    92 |     4 ||   119
       Reflection        |       |     2 |     4 |     3 ||     9

Table legend: (Time is in decaauts)
 A = Elapsed time spent in this place.
 B = Non-inter-level travel time spent in this place.
 C = Inter-level travel time spent in this place.
 D = Time resting spent in this place.
 E = Time spent auto-exploring this place.
 F = Levels seen in this place.
 G = Mean time per level.
                   A        B        C        D        E       F      G
               +--------+--------+--------+--------+--------+-----+--------+
         Total |   7786 |   7453 |    333 |   1598 |   4697 |   9 |  865.1 |
       Dungeon |   7786 |   7453 |    333 |   1598 |   4697 |   9 |  865.1 |
               +--------+--------+--------+--------+--------+-----+--------+

Top non-repeatable levels by time:
     D:8: 1560 daAuts
     D:2: 1349 daAuts
     D:4: 1198 daAuts
     D:5: 920 daAuts
     D:3: 899 daAuts
     D:1: 558 daAuts
     D:7: 525 daAuts
     D:6: 473 daAuts
     D:9: 301 daAuts
